[Event "*** SCC Grand Prix: Titled Tuesday Blitz"]
[Site "Chess.com"]
[Date "2020.10.13"]
[Round "4"]
[White "tptagain"]
[Black "K_A_S_T_O_R"]
[Result "0-1"]
[WhiteElo "2860"]
[BlackElo "2719"]
[TimeControl "180+1"]
[EndTime "10:41:04 PDT"]
[Termination "K_A_S_T_O_R won by resignation"]

1. Nf3 c5 2. c4 Nf6 3. Nc3 e6 4.
e3 d5 5. d4 cxd4 6. exd4 Bb4 7. c5 O-O 8. Bd3 b6 9. cxb6 Bxc3+ 10. bxc3 axb6 11. O-O Ba6 12. Bg5 Bxd3 13. Qxd3 Nbd7 14. Ne5 Qc7 15. Nxd7 Nxd7 16. Be7 Rfc8 17. Bb4 Nb8 18. g3 Qc4 19. Qd2 Nc6 20. a4 Ra6 21. Rfb1 Rca8 22. Qd1 h6 23. Kg2 e5 24. dxe5 Nxe5 25. Qd4 Qxd4 26. cxd4 Nc4 27. Be7 R8a7 28. Re1 f6 29.
Rab1 Rxa4 30. Rb5 R4a5 31. Rb3 Kf7 32. Bb4 Rb5 33. Reb1 Ra2 34. Be1 Rxb3 35. Rxb3 Ke6 36.
g4 Rb2 37. Rd3 b5 38. Kf3 b4 39. h4 g5 40. h5 f5 41. Rd1 f4 42. Ra1 b3 43. Ra6+ Kf7 44. Rxh6 Rb1 45. Bc3 Rc1 46. Bb2 Nxb2 47. Rb6 Rc3+ 48. Kg2 Nc4 49. Rb7+ Ke6 50. h6 Nd6 51. h7 Rc8 52. Rxb3 Rh8 53. Rh3 Nf7 54. Kf1 Kf6 55. Ke2 Kg6 56. Ra3 Rxh7 57. Ra5 Rh4 58. Kf3 Rh3+ 59. Kg2 Rd3 60. Rxd5 Kf6 61.
Rf5+ Ke6 62. Ra5 Rxd4 63. Kf3 Ne5+ 64. Kg2 f3+ 65. Kh3 Rf4 66. Rb5 Kf6 67. Rb6+ Kg7 68. Rb5 Nf7 69. Kg3 Rf6 70. Rd5 Kg6 71. Ra5 Rf4 72. Rd5 Kf6 73. Ra5 Ne5 74. Ra6+ Kf7 75. Ra5 Rxg4+ 76. Kh3 Re4 77. Kg3 Kf6 78. Ra6+ Kf5 79.
Ra8 Rg4+ 80. Kh3 Rg1 81. Rf8+ Ke4 82. Re8 g4+ 83. Kh4 g3 0-1

[Event "*** SCC Grand Prix: Titled Tuesday Blitz"]
[Site "Chess.com"]
[Date "2020.10.13"]
[Round "4"]
[White "NMZanette"]
[Black "SanchezKelvin"]
[Result "1-0"]
[WhiteElo "2247"]
[BlackElo "2392"]
[TimeControl "180+1"]
[EndTime "10:41:04 PDT"]
[Termination "NMZanette won on time"]

1. e4 c5 2. Nf3 d6 3. d4 cxd4 4. Nxd4 Nf6 5. f3 e5 6. Nb3 a5 7.
a4 Nc6 8. c4 Be7 9. Be3 O-O 10.
Be2 Nh5 11. O-O Bg5 12. Bf2 Nf4 13. Nc3 Nb4 14. Nb5 Ra6 15. Re1 Be6 16. Bf1 Rc6 17. Na7 Rxc4 18. Bxc4 Bxc4 19. Nb5 Nfd3 20. Re2 Nxf2 21.
Rxf2 Be3 22. Nd2 Bxf2+ 23. Kxf2 Qb6+ 24. Kg3 Be6 25. Nf1 d5 26. exd5 Nxd5 27. h3 Rd8 28. Qe1 f6 29. Rd1 Bf7 30. Kh2 Nf4 31. Rxd8+ Qxd8 32. Qd2 Qxd2 33. Nxd2 Nd3 34. b3 Bd5 35.
Nc3 Bc6 36. Kg3 Nc5 37. Kf2 Kf7 38. Ke3 Ke6 39. g4 g6 40. f4 exf4+ 41. Kxf4 Nd3+ 42. Ke3 Ne5 43. Kd4 Nf3+ 44. Nxf3 Bxf3 45. Ke3 Bg2 46. h4 f5 47. g5 Ke5 48. Ne2 Bc6 49. Nf4 Bd5 50.
Nd3+ Kd6 51. b4 axb4 52. Nxb4 Be4 53. Kd4 Bc6 54. a5 Bb5 55. Nd5 Bc6 56. Nf6 Ke6 57.
Nxh7 f4 58. Nf6 Kf5 59. Kd3 Ke5 60. Ng4+ Kf5 61. Nf6 Bb5+ 62. Kd2 f3 63. Ke3 Bc6 64. Kf2 Kf4 65. Nh7 Kg4 66. Nf8 Kh5 67. Ne6 Be4 68. Nd4 Kxh4 69. Ne6 Kg4 70. Ke3 Bc6 71. Kf2 Kf5 72.
Nd4+ Kxg5 73. Nxc6 b6 74. axb6 1-0

[Event "*** SCC Grand Prix: Titled Tuesday Blitz"]
[Site "Chess.com"]
[Date "2020.10.13"]
[Round "4"]
[White "draksbg"]
[Black "hungrycaterpillar4"]
[Result "0-1"]
[WhiteElo "2520"]
[BlackElo "2694"]
[TimeControl "180+1"]
[EndTime "10:41:06 PDT"]
[Termination "hungrycaterpillar4 won by resignation"]

1. e4 c5 2. Nf3 Nc6 3. d4 cxd4 4.
Nxd4 Nf6 5. Nc3 e5 6. Ndb5 d6 7. a4 a6 8. Na3 Be6 9. Bc4 Rc8 10. O-O Be7 11. Bg5 O-O 12. Bxf6 Bxf6 13. Nd5 Bg5 14. c3 Kh8 15. Nc2 f5 16. exf5 Bxf5 17. Nce3 Be6 18. Qe2 Ne7 19. Nxe7 Qxe7 20. Bxe6 Qxe6 21. Rad1 Bxe3 22.
Qxe3 Rc6 23. Rd2 Rf4 24. a5 h6 25. Re1 Qb3 26. Red1 Rf6 27. g3 Qb5 28. b4 Qc4 29. Rd3 e4 30. Rd4 Qxc3 31. Qxe4 Qc2 32. Qe8+ Kh7 33.
R4d2 Qf5 34. Qe7 Rf7 35. Qe3 Rc2 36. Rxc2 Qxc2 37. Rd2 Qg6 38. h4 Qb1+ 39. Kg2 Qxb4 40. Qd3+ Kg8 41. Qxd6 Qxd6 42. Rxd6 h5 43. f4 Kh7 44. Rd5 g6 45. Kf3 Kg7 46. Ke4 Rc7 47. Kd4 Kf6 48. Rc5 Rd7+ 49. Kc4 Rd2 50. Rg5 Rb2 51. f5 gxf5 52. Rxh5 Rb5 53. Rh6+ Ke5 54. Rb6 Rxa5 55. Rxb7 Ra4+ 56. Kc5 Rg4 57. h5 Rxg3 58.
h6 Rc3+ 59. Kb6 Rh3 60. h7 Kf6 61. Kxa6 Kg6 62. Kb5 Rxh7 63. Rb6+ Kg5 64. Kc4 Rd7 65. Rb1 f4 66. Rg1+ Kh4 67. Rg8 f3 68. Rh8+ Kg3 69.
Rg8+ Kh2 70. Rh8+ Kg2 71. Rg8+ Kf1 72. Rh8 f2 73. Rg8 Re7 74. Kd3 Ke1 75. Ra8 f1=Q+ 0-1

[Event "*** SCC Grand Prix: Titled Tuesday Blitz"]
[Site "Chess.com"]
[Date "2020.10.13"]
[Round "4"]
[White "kreonx"]
[Black "AungTZ"]
[Result "1-0"]
[WhiteElo "2351"]
[BlackElo "2141"]
[TimeControl "180+1"]
[EndTime "10:41:06 PDT"]
[Termination "kreonx won by checkmate"]

1. e4 c5 2. Nc3 Nc6 3. g3 e6 4. Bg2 d6 5. d3 Nf6 6. h3 Be7 7. f4 O-O 8. Nf3 Bd7 9. O-O Rb8 10. g4 b5 11. Ne2 b4 12. Ng3 d5 13. e5 Ne8 14. g5 g6 15. Nh2 Nd4 16. Ng4 Ng7 17. Nh6+ Kh8 18. Be3 Ndf5 19. Nhxf5 Nxf5 20. Nxf5 gxf5 21. h4 Rg8 22. Bf3 Qe8 23. Qe2 d4 24. Bd2 Bc6 25. Qg2 Bxf3 26. Rxf3 f6 27. exf6 Bxf6 28. Re1 Rb6 29. Qh3 Qh5 30. Kh2 Bd8 31. Rf2 Bc7 32. Rfe2 Rg6 33. Kg2 h6 34. Qf3 Qxh4 35.
Rh1 Qg4+ 36. Qxg4 fxg4 37. gxh6 Kh7 38. f5 Rf6 39. fxe6 Rbxe6 40. Rhe1 Rxe2+ 41. Rxe2 Bd6 42. Re4 g3 43. Be1 Rxh6 44. Bxg3 Rg6 45. Rh4+ Kg7 46. Rh3 Kf6 47. Kf3 Rxg3+ 48. Rxg3 Bxg3 49. Kxg3 Kg5 50. Kf3 Kf5 51. a3 bxa3 52. bxa3 a6 53. Kg3 a5 54. a4 Kg5 55. Kf3 Kf5 56. Kg3 Ke5 57.
Kg4 Kd5 58. Kf5 c4 59. Kf4 c3 60. Kf5 Kc5 61. Ke5 Kb4 62. Kxd4 Kxa4 63. Kxc3 Ka3 64. d4 Ka2 65. d5 Kb1 66. d6 a4 67. Kb4 a3 68. Kxa3 Kxc2 69. d7 Kc3 70. d8=Q Kc4 71. Ka4 Kc5 72. Qd3 Kc6 73. Qd4 Kb7 74. Kb5 Kb8 75.
Qg7 Kc8 76. Kc6 Kd8 77. Qd7# 1-0

[Event "*** SCC Grand Prix: Titled Tuesday Blitz"]
[Site "Chess.com"]
[Date "2020.10.13"]
[Round "4"]
[White "gmpeter008"]
[Black "MikeSailer"]
[Result "1-0"]
[WhiteElo "2385"]
[BlackElo "2100"]
[TimeControl "180+1"]
[EndTime "10:41:27 PDT"]
[Termination "gmpeter008 won on time"]

1. d4 d5 2. Bf4 Nf6 3. e3 c5 4. Nf3 Nc6 5. Nbd2 Bg4 6. Be2 e6 7. O-O cxd4 8. exd4 Be7 9. c3 O-O 10. a4 Rc8 11. Ne5 Nxe5 12. Bxe5 Bxe2 13. Qxe2 Bd6 14. f4 Qe7 15. Rae1 Nd7 16. Qd3 f5 17. Rf3 Bxe5 18. fxe5 Nb6 19. a5 Nc4 20. Nxc4 dxc4 21. Qc2 Qc7 22. Qa4 Qc6 23. Qb4 Rfd8 24. Ref1 Rd5 25.
Rg3 Rc7 26. Re1 Qb5 27. Rd1 Qxb4 28. cxb4 Rcd7 29. Rc3 Rxd4 30. Rxd4 Rxd4 31. Kf2 f4 32. Kf3 g5 33. b3 cxb3 34. Rxb3 Kg7 35. b5 Kg6 36.
Rc3 Kf5 37. Rc7 Rd2 38. g4+ fxg3 39. hxg3 Kxe5 40. Rxb7 Rd5 41. Kg4 h6 42. a6 Rc5 43.
Kh5 Kf5 44. g4+ Kf4 45. Rf7+ Kg3 46. Rb7 e5 47. Kxh6 e4 48. b6 axb6 49. a7 Ra5 50. Rxb6 Rxa7 51. Kxg5 e3 52. Re6 Kf2 53. Kf5 e2 54. g5 Ra5+ 55. Kf6 Ra6 56. Rxa6 e1=Q 57. Ra2+ Kg3 58. Ra3+ Kg4 59. Ra4+ Kh5 60. Rf4 Qc3+ 61.
Ke6 Qb3+ 62. Kf6 Qb6+ 63. Kf5 Qc5+ 64. Ke6 Qe3+ 65. Kf5 Qd3+ 66. Re4 Qh3+ 67. Kf4 Qh4+ 68. Ke5 Qxg5+ 69. Kd6 Kg6 70. Re6+ Kf7 71. Re4 Qg6+ 72. Kd5 Qf5+ 73. Re5 Qd3+ 74. Kc5 Kf6 75. Rd5 Qc3+ 76.
Kd6 1-0

[Event "*** SCC Grand Prix: Titled Tuesday Blitz"]
[Site "Chess.com"]
[Date "2020.10.13"]
[Round "4"]
[White "crescentmoon2411"]
[Black "davidkalashian"]
[Result "1/2-1/2"]
[WhiteElo "2800"]
[BlackElo "2575"]
[TimeControl "180+1"]
[EndTime "10:41:28 PDT"]
[Termination "Game drawn by stalemate"]

1. e4 c6 2. d4 g6 3. Nc3 Bg7 4. f4 d5 5. e5 h5 6. Be3 Nh6 7. h3 Bf5 8. Nf3 e6 9. Qd2 b5 10. Bd3 Nd7 11. O-O a5 12. Ne2 Nb6 13. b3 a4 14. Ng5 Bxd3 15. Qxd3 Nf5 16. Bf2 Bh6 17.
Nf3 h4 18. Qc3 Rc8 19. Nh2 Bf8 20. Ng4 Be7 21. b4 a3 22. Qxa3 Ra8 23. Qc3 Nc4 24. a3 O-O 25. Kh2 Ra4 26. Ng1 Qa8 27. Nf3 Rxa3 28.
Rxa3 Qxa3 29. Qxa3 Nxa3 30. c3 Ra8 31. Ra1 Ra4 32. Nd2 Nc4 33. Nb3 Kg7 34. Kg1 g5 35. fxg5 Bxg5 36. Be1 Nfe3 37. Nxe3 Bxe3+ 38. Kf1 Bg5 39. Ke2 f6 40. exf6+ Bxf6 41. Kd3 Kg6 42. Bf2 Kf5 43.
Rf1 Kg6 44. Ra1 Kf5 45. Kc2 Rxa1 46. Nxa1 Ke4 47. Nb3 e5 48. Nc5+ Kf5 49. dxe5 Nxe5 50. Nb3 Nc4 51. Nd4+ Bxd4 52. cxd4 Ke4 53. Bxh4 Ne3+ 54.
Kd2 Nxg2 55. Bf6 Nf4 56. h4 Ne6 57. Be5 Nf8 58. h5 Nh7 59. h6 Ng5 60. Ke2 Nh7 61. Kf2 Kf5 62. Kg3 Kg5 63. Bg7 Kf5 64. Kh4 Ng5 65.
Kh5 Nh7 66. Be5 Ng5 67. Bd6 Nh7 68. Be7 Ke6 69. Bd8 Kf5 70. Bh4 Nf8 71. Be7 Nh7 72. Bd8 Nf8 73. Bg5 Nh7 74. Be7 Ke6 75. Kg6 Kxe7 76. Kxh7 Kf7 77. Kh8 Kf8 78. h7 Kf7 1/2-1/2

[Event "*** SCC Grand Prix: Titled Tuesday Blitz"]
[Site "Chess.com"]
[Date "2020.10.13"]
[Round "4"]
[White "DenLaz"]
[Black "MFBerna"]
[Result "1-0"]
[WhiteElo "2807"]
[BlackElo "2398"]
[TimeControl "180+1"]
[EndTime "10:41:36 PDT"]
[Termination "DenLaz won by resignation"]

1. Nf3 d5 2. c4 c6 3. e3 Nf6 4. d4 e6 5. b3 Nbd7 6. Bb2 Bd6 7.
Bd3 O-O 8. O-O b6 9. Nbd2 Bb7 10.
Qe2 c5 11. cxd5 Nxd5 12. Rfd1 Qe7 13. Nc4 Bc7 14. Rac1 Rfd8 15. Bb1 Rac8 16. h3 Bb8 17. Qc2 N5f6 18. dxc5 Be4 19. Qe2 Bxb1 20. Rxb1 Nxc5 21. Nfe5 Qb7 22. Qf3 Qxf3 23. gxf3 Bxe5 24. Nxe5 Nd5 25. Kf1 f6 26. Nc4 Nb4 27. a3 Nd5 28. Nd2 Kf7 29.
Ke2 Rd7 30. Rbc1 Rcd8 31. b4 Na4 32. Ba1 e5 33. Ne4 h6 34. Ke1 f5 35. Ng3 Ke6 36. Ne2 g6 37. h4 b5 38. h5 gxh5 39. f4 exf4 40. Nd4+ Kf7 41. Nxf5 fxe3 42. fxe3 Nab6 43.
e4 Re8 44. Kf2 Rxe4 45. Rc6 Rf4+ 46. Kg3 Rxf5 47. Rxh6 Rg5+ 48. Kh4 Rg4+ 49. Kxh5 Nf4+ 50. Kxg4 Rxd1 51. Be5 Ng6 52. Bb8 Rg1+ 53. Kf5 Rf1+ 54. Ke4 Re1+ 55. Kf5 Ne7+ 56. Kg4 Nbd5 57. Bxa7 Rg1+ 58.
Bxg1 Ng8 59. Rd6 Ngf6+ 60. Kf3 Ke7 61. Rc6 Kd7 62. Rc5 Kd6 63. Bd4 Nd7 64. Ke4 Nxc5+ 65. Bxc5+ Kc6 66. Kd4 Nc7 67. Ke5 Na6 68. Bd6 Kb6 69. Kd5 Kb7 70. Kd4 Kc6 71. Ke5 Kb6 72. Ke6 Kc6 73. Be5 Kb6 74. Kd7 Kb7 75. Bd6 Kb6 76. Kc8 Kc6 77. Bh2 Kb6 78. Be5 Kc6 79. Bf4 Kb6 80. Kd7 Nc5+ 81. bxc5+ Kxc5 82. Bd6+ Kc4 83. Bb4 Kb3 84. Kc6 Ka4 85. Kc5 1-0

[Event "*** SCC Grand Prix: Titled Tuesday Blitz"]
[Site "Chess.com"]
[Date "2020.10.13"]
[Round "4"]
[White "AleksanderHnydiuk"]
[Black "karenzadita"]
[Result "1-0"]
[WhiteElo "2559"]
[BlackElo "2318"]
[TimeControl "180+1"]
[EndTime "10:41:54 PDT"]
[Termination "AleksanderHnydiuk won by resignation"]

1. e4 c5 2. Nf3 g6 3. d4 cxd4 4. Nxd4 Nc6 5. c4 Nf6 6. Nc3 d6 7. Be2 Nxd4 8. Qxd4 Bg7 9. Be3 O-O 10. Qd2 a5 11.
O-O a4 12. Rac1 Qa5 13. f3 Be6 14. Nb5 Qxd2 15. Bxd2 Rfc8 16. Rfd1 Nd7 17. Rc2 f5 18. Bg5 Kf8 19. exf5 Bxf5 20. Rcd2 h6 21. Bh4 g5 22. Bf2 Ne5 23. b3 axb3 24. axb3 Ng6 25. Nd4 Bd7 26. Bd3 Nf4 27. Be4 Bc6 28. Bxc6 bxc6 29. h4 Kf7 30. hxg5 hxg5 31. Be3 Bf6 32. c5 d5 33. g3 Ng6 34.
Kg2 Bxd4 35. Bxd4 e5 36. Bf2 Kf6 37. b4 Ra4 38. Rb2 Rb8 39. Rdb1 d4 40. b5 cxb5 41. Rxb5 Rc8 42. Rb6+ Kg7 43. c6 Rc4 44. Rb7+ Kh6 45. Rh1+ Nh4+ 46. gxh4 R8xc6 47. hxg5+ Kxg5 48. Rhh7 Rc2 49. Rhg7+ Kf5 50. Kg3 d3 51. Rgf7+ Kg6 52. Rg7+ Kf6 53.
Rgf7+ Ke6 54. Rfd7 d2 55. Re7+ Kd5 56. Red7+ Kc4 57. Rb1 Kc3 58. Rd1 Rc4 59. Be3 Rc8 60. R7xd2 Rg8+ 61. Kf2 Rxd2+ 62. Rxd2 Kc4 63. Re2 Kd5 64.
Bd2 Rf8 65. Be1 Kd4 66. Re4+ Kd5 67. Bd2 Rf5 68. Bc3 Rh5 69. Ke3 Rf5 70. Be1 Rh5 71. Bg3 Rf5 72. Be1 Rh5 73. Ba5 Rf5 74.
Bc7 Rh5 75. Ra4 Rf5 76. Ra5+ Ke6 77. Bb8 Rh5 78. Ra6+ Kd5 79. Rd6+ Kc5 80. Rd1 Rf5 81. Ke4 Rf4+ 82. Ke3 Rf5 83. Bd6+ Kc6 84. Rd3 Rh5 85. Ke4 Rh4+ 86. Kxe5 Rc4 87. f4 Rc1 88. f5 Rf1 89. Kf6 Kd7 90. Be5+ Ke8 91. Ke6 Re1 92. Ra3 1-0

[Event "*** SCC Grand Prix: Titled Tuesday Blitz"]
[Site "Chess.com"]
[Date "2020.10.13"]
[Round "4"]
[White "Cocaino74"]
[Black "elohunter1999"]
[Result "1/2-1/2"]
[WhiteElo "2382"]
[BlackElo "2600"]
[TimeControl "180+1"]
[EndTime "10:41:59 PDT"]
[Termination "Game drawn - insufficient material"]

1. e4 e5 2. Nf3 Nc6 3. Bc4 Bc5 4. c3 Nf6 5. d4 exd4 6. cxd4 Bb4+ 7.
Bd2 Bxd2+ 8. Nbxd2 d5 9. exd5 Nxd5 10. Qb3 Nce7 11. O-O O-O 12. Rfe1 c6 13. Rac1 Bf5 14.
Bxd5 Nxd5 15. Qxb7 Rb8 16. Qxc6 Rxb2 17. Rc5 Nb4 18.
Qc7 Nd3 19. Qxd8 Rxd8 20. Rd5 Rdb8 21. Re3 Be6 22. Ra5 Rb1+ 23. Nf1 Nf4 24. g3 Nd5 25.
Rb3 R8xb3 26. axb3 Rxb3 27. N1d2 Rb7 28. Ne5 Ne7 29. Nd3 Bd5 30. f3 f6 31. Kf2 Kf7 32. Nc5 Rb2 33. Ke3 Nf5+ 34. Kd3 Nxd4 35. Kc3 Nc6 36. Rxa7+ Nxa7 37. Kxb2 Nb5 38. Kc2 Nd4+ 39. Kd3 Nxf3 40. Nxf3 Bxf3 41. Ke3 Bc6 42. h4 Kg6 43.
Kf4 Kf7 44. Ke3 Ke7 45. Kf4 Kd6 46. Nd3 Bb5 47. Nf2 g6 48. Ne4+ Ke7 49. Nc3 Bc6 50.
Ne2 h6 51. Nd4 Bd7 52. Ne2 Kd6 53. Nc3 g5+ 54. hxg5 hxg5+ 55. Ke4 Be6 56. Ne2 Bc8 57. Nd4 Bd7 58. Ne2 f5+ 59. Ke3 Ke5 60. Nc3 Bc6 61. Ne2 Bb7 62. Nc3 Bc6 63. Ne2 Kf6 64.
Nd4 Bd7 65. Ne2 Kg6 66. Nd4 Kh5 67. Nf3 Bc8 68. Ne5 Be6 69. Kf2 Kh6 70. Ke3 Kg7 71. Kd4 Kf6 72. Nd3 Bc8 73. Ne5 Bb7 74. Nd3 Kg6 75. Nc5 Bg2 76. Nd3 Kh5 77. Ke3 Kg4 78. Kf2 Be4 79. Ne5+ Kh3 80. Nf7 g4 81. Ng5+ Kh2 82.
Ne6 Bc6 83. Nf4 Bb5 84. Nh5 Bd3 85. Nf4 Bc4 86. Nh5 Bg8 87. Nf4 Bf7 88. Nd3 Kh1 89.
Nf4 Kh2 90. Ng2 Bd5 91. Ne3 Be4 92. Nf1+ Kh3 93. Ne3 f4 94. gxf4 g3+ 95. Kg1 Kh4 96. Nf1 Kg4 97. Nxg3 Kxf4 1/2-1/2

[Event "*** SCC Grand Prix: Titled Tuesday Blitz"]
[Site "Chess.com"]
[Date "2020.10.13"]
[Round "4"]
[White "PotapovaM"]
[Black "Chessalary"]
[Result "1-0"]
[WhiteElo "2533"]
[BlackElo "2280"]
[TimeControl "180+1"]
[EndTime "10:42:03 PDT"]
[Termination "PotapovaM won on time"]

1. Nf3 d5 2. c4 c6 3. g3 Nf6 4.
Bg2 g6 5. b3 Bg7 6. Bb2 O-O 7.
O-O Bg4 8. d4 Bxf3 9. Bxf3 Nbd7 10. Nc3 e6 11. Bg2 Re8 12. e3 Rc8 13. Qe2 Nb6 14.
a4 dxc4 15. bxc4 c5 16. a5 cxd4 17. axb6 dxc3 18. Bxc3 a6 19. Bxb7 Rb8 20. Bc6 Qxb6 21. Bxe8 Rxe8 22. Bd4 Qc6 23. f3 Rc8 24. Qb2 Ne8 25.
Bxg7 Nxg7 26. e4 Qc5+ 27. Kg2 Rd8 28. Rfd1 Rc8 29. Rac1 Ne8 30. Qf2 Qc6 31. c5 Rb8 32. Rc2 a5 33. Rb2 Ra8 34. Rb6 Qc7 35. c6 a4 36. Rd7 Qe5 37. Qb2 Qxb2+ 38. Rxb2 a3 39.
Ra2 Nf6 40. Rd3 Rc8 41. Rc3 Ne8 42. Raxa3 Nd6 43. Rab3 Kf8 44. c7 Ke7 45. Kf2 Ne8 46.
Rb7 Kd7 47. Ke3 Nd6 48. Rd3 Kc6 49. Ra7 Nb5 50. Ra6+ Kb7 51. Ra1 Nxc7 52. Rb1+ Kc6 53. Rc1+ Kb7 54. Rb3+ Ka7 55. Ra1+ Na6 56. Rba3 Rc6 57.
Kf4 f6 58. h4 e5+ 59. Kg4 h5+ 60. Kh3 Kb7 61. Rb3+ Kc7 62. Rba3 Nb4 63. Ra7+ Kb6 64.
Rg7 f5 65. exf5 gxf5 66. Rg5 Rf6 67. Rxh5 Nd3 68. Rb1+ Kc5 69. Rh8 e4 70. f4 Kd4 71.
Re8 Ke3 72. h5 Rh6 73. Kh4 Kf3 74. Kg5 Rh7 75. Kg6 e3 76. Kxh7 1-0

[Event "*** SCC Grand Prix: Titled Tuesday Blitz"]
[Site "Chess.com"]
[Date "2020.10.13"]
[Round "4"]
[White "crazy_but_lazy"]
[Black "Al_Shima"]
[Result "1/2-1/2"]
[WhiteElo "2501"]
[BlackElo "2348"]
[TimeControl "180+1"]
[EndTime "10:42:40 PDT"]
[Termination "Game drawn - insufficient material"]

1. e4 d5 2. exd5 Nf6 3. d4 Nxd5 4. Nf3 Bf5 5. Be2 e6 6. O-O Be7 7. a3 O-O 8. c4 Nb6 9. Nc3 Nc6 10. Be3 Bf6 11.
Qd2 Na5 12. Ne4 Nb3 13. Nxf6+ Qxf6 14. Qc3 Nxa1 15. Rxa1 h6 16. b4 Rfd8 17. a4 c6 18. a5 Nc8 19. Ne5 a6 20. Bf3 Nd6 21. h3 Be4 22.
Bxe4 Nxe4 23. Qc2 Nd6 24. g4 Nc8 25. Kg2 Ne7 26. f4 Ng6 27. Rf1 Nxe5 28. fxe5 Qg6 29. Qxg6 fxg6 30. Rf4 g5 31. Rf2 Rf8 32. Rb2 Kf7 33. Kf3 Kg6+ 34. Ke4 h5 35. Rd2 hxg4 36.
hxg4 Rad8 37. Rb2 Rf1 38. b5 cxb5 39. cxb5 Rd5 40. bxa6 bxa6 41. Rb6 Kf7 42. Rxa6 Ra1 43.
Ra7+ Kg6 44. Re7 Raxa5 45. Rxe6+ Kf7 46. Rb6 Rdb5 47. Rc6 Ra1 48. Bxg5 Re1+ 49. Kf5 g6+ 50. Kf4 Rb4 51. Rc7+ Ke6 52. Re7+ Kd5 53. Rd7+ Kc6 54. Rd6+ Kc7 55. Bf6 Rb2 56. Kg5 Rg2 57. Kxg6 Rxg4+ 58. Kf7 Rd1 59. Rd5 Rgxd4 60. Rc5+ Kb6 61. Rc2 Re4 62. Rb2+ Kc6 63. Rc2+ Kd5 64. Rc8 Rf1 65. Rd8+ Kc6 66. Ke6 Re2 67. Rc8+ Kb7 68. Rc3 Rfe1 69. Kd6 Rd2+ 70. Ke7 Rde2 71. Ke6 Rd2 72. Be7 Rde2 73. Bd6 Kb6 74. Kd7 Kb5 75. Rb3+ Kc4 76. Rb4+ Kc3 77. Rh4 Kd3 78. Rh6 Re4 79. Kc6 Kc4 80. Rh5 Kd3 81.
Kd5 R1e2 82. Rh3+ R4e3 83. Rh8 Re4 84. Rb8 Kc2 85. Rc8+ Kd3 86. Ra8 R4e3 87. Ra3+ Kc2 88. Ra8 Kb3 89. Rb8+ Kc2 90. Rc8+ Kd1 91. Ra8 Rd3+ 92.
Kc5 Rde3 93. Kd5 Rd3+ 94. Ke6 Rde3 95. Ra1+ Kc2 96. Kd5 Kb3 97. Ra7 Kb2 98. Rb7+ Kc2 99. Rc7+ Kd1 100. Kd4 Re4+ 101. Kd5 R4e3 102. Ra7 Rd3+ 103. Kc4 Rde3 104. Kd4 Re4+ 105. Kd5 R4e3 106. Ra1+ Kc2 107. Ra2+ Kb3 108. Rxe2 Rxe2 109. e6 Rxe6 110. Kxe6 1/2-1/2

[Event "*** SCC Grand Prix: Titled Tuesday Blitz"]
[Site "Chess.com"]
[Date "2020.10.13"]
[Round "5"]
[White "allvim"]
[Black "mamonika"]
[Result "1-0"]
[WhiteElo "2306"]
[BlackElo "1983"]
[TimeControl "180+1"]
[EndTime "10:50:34 PDT"]
[Termination "allvim won by resignation"]

1. e4 c5 2. Nf3 e6 3. b3 a6 4.
Bb2 Nf6 5. e5 Nd5 6. c4 Nc7 7. Bd3 b5 8. O-O Bb7 9. Bc2 Ra7 10. d4 cxd4 11. Qxd4 Bc6 12. Qxa7 1-0

[Event "*** SCC Grand Prix: Titled Tuesday Blitz"]
[Site "Chess.com"]
[Date "2020.10.13"]
[Round "5"]
[White "tylityli"]
[Black "Sanyura"]
[Result "0-1"]
[WhiteElo "2215"]
[BlackElo "2480"]
[TimeControl "180+1"]
[EndTime "10:51:23 PDT"]
[Termination "Sanyura won by resignation"]

1. d4 Nf6 2. c4 g6 3. Nc3 Bg7 4. e4 d6 5. Nge2 O-O 6. Ng3 c5 7. d5 e6 8. Be2 exd5 9. cxd5 a6 10. a4 Nbd7 11. O-O h5 12. Bg5 Qb6 13. Ra3 Re8 14. Rb3 Qc7 15. f3 c4 16. Rb4 Qc5+ 17. Kh1 Qxb4 0-1

[Event "*** SCC Grand Prix: Titled Tuesday Blitz"]
[Site "Chess.com"]
[Date "2020.10.13"]
[Round "5"]
[White "Unknown_IM"]
[Black "RestartingChess"]
[Result "1-0"]
[WhiteElo "2364"]
[BlackElo "2513"]
[TimeControl "180+1"]
[EndTime "10:51:24 PDT"]
[Termination "Unknown_IM won by resignation"]

1. e4 b6 2. d4 Bb7 3. Bd3 g6 4. Nf3 Bg7 5. Nc3 d6 6. h4 h5 7. Bg5 c5 8. d5 Nd7 9. Qd2 a6 10.
a4 Ne5 11. O-O-O Nxd3+ 12. Qxd3 Qd7 13. Rhe1 f6 14. Be3 Bh6 15. Kb1 Bxe3 16. Rxe3 Nh6 17. e5 f5 18. exd6 Qxd6 19. Re6 Qc7 20. d6 Qc6 21. d7+ Kd8 22. Rxc6 Bxc6 23. Ne5 1-0

[Event "*** SCC Grand Prix: Titled Tuesday Blitz"]
[Site "Chess.com"]
[Date "2020.10.13"]
[Round "5"]
[White "Korchmar_Vasiliy"]
[Black "googlegoom"]
[Result "1-0"]
[WhiteElo "2575"]
[BlackElo "2375"]
[TimeControl "180+1"]
[EndTime "10:51:25 PDT"]
[Termination "Korchmar_Vasiliy won by resignation"]

1. d4 d5 2. Nf3 Nf6 3. Bf4 e6 4. e3 Bd6 5. Bg3 c5 6. Nbd2 Qc7 7. dxc5 Qxc5 8. c4 O-O 9. Rc1 Bxg3 10. hxg3 Nc6 11.
Bd3 e5 12. Ng5 e4 13. cxd5 Qxd5 14. Ndxe4 Nxe4 15. Nxe4 f5 16. Bc4 1-0

[Event "*** SCC Grand Prix: Titled Tuesday Blitz"]
[Site "Chess.com"]
[Date "2020.10.13"]
[Round "5"]
[White "diamonds13"]
[Black "Maksimus1998"]
[Result "0-1"]
[WhiteElo "2410"]
[BlackElo "2612"]
[TimeControl "180+1"]
[EndTime "10:51:30 PDT"]
[Termination "Maksimus1998 won by resignation"]

1. d4 d5 2. c4 c6 3. Nf3 Nf6 4. Nbd2 Bf5 5. g3 e6 6. Bg2 h6 7. O-O Be7 8. b3 O-O 9. Bb2 a5 10. a3 Nbd7 11. Ne5 Ne4 12. Nxe4 Bxe4 13. f3 Bh7 14.
Qc1 Nxe5 15. dxe5 Qb6+ 16. Kh1 Qxb3 17. c5 Qc4 18. Qxc4 dxc4 19. Bd4 Rfd8 20. Rfd1 c3 21. e4 c2 22. Rd2 Bxc5 23. Bc3 Rxd2 24. Bxd2 Rd8 0-1

[Event "*** SCC Grand Prix: Titled Tuesday Blitz"]
[Site "Chess.com"]
[Date "2020.10.13"]
[Round "5"]
[White "glebus008"]
[Black "draksbg"]
[Result "1-0"]
[WhiteElo "2325"]
[BlackElo "2508"]
[TimeControl "180+1"]
[EndTime "10:51:31 PDT"]
[Termination "glebus008 won by resignation"]

1. e4 c5 2. Nf3 e6 3. g3 a6 4. Bg2 b5 5. O-O Bb7 6. Qe2 d6 7. c3 Nf6 8. d3 Be7 9. Re1 O-O 10. Nbd2 Nbd7 11. Nf1 Qb6 12. h3 a5 13. g4 b4 14. Ng3 Ne5 15. Bf4 Nfd7 16. d4 Nxf3+ 17. Bxf3 cxd4 18. cxd4 Qxd4 19. Rad1 Qb6 20. Nh5 Ne5 21. Bg2 Ba6 22. Qe3 Nd3 23. Qxb6 1-0

[Event "*** SCC Grand Prix: Titled Tuesday Blitz"]
[Site "Chess.com"]
[Date "2020.10.13"]
[Round "5"]
[White "brunomorado"]
[Black "Quiet_Desperation"]
[Result "1-0"]
[WhiteElo "2303"]
[BlackElo "1902"]
[TimeControl "180+1"]
[EndTime "10:51:59 PDT"]
[Termination "brunomorado won by resignation"]

1. d4 Nf6 2. Nc3 e6 3. e4 d5 4. Bg5 Be7 5. e5 Nfd7 6. Bxe7 Qxe7 7. f4 c5 8. Nb5 O-O 9. Nc7 Nc6 10. Nxa8 cxd4 11. Qd2 f6 12. exf6 Nxf6 13. Bd3 Ne4 14. Bxe4 dxe4 15. O-O-O e5 16. Ne2 Be6 17. fxe5 Rxa8 18.
Nxd4 Nxe5 19. Nxe6 Qxe6 20. Qd5 1-0

[Event "*** SCC Grand Prix: Titled Tuesday Blitz"]
[Site "Chess.com"]
[Date "2020.10.13"]
[Round "5"]
[White "Gloomy_Wanderer"]
[Black "JakubPulpan"]
[Result "1-0"]
[WhiteElo "2762"]
[BlackElo "2673"]
[TimeControl "180+1"]
[EndTime "10:52:16 PDT"]
[Termination "Gloomy_Wanderer won by resignation"]

1. d4 Nf6 2. Nf3 d5 3. c4 e6 4. g3 Be7 5. Bg2 O-O 6. O-O dxc4 7. Ne5 c5 8. dxc5 Bxc5 9. Qxd8 Rxd8 10. Nc3 Nbd7 11.
Nxc4 Nb6 12. Na5 Nbd5 13. Nxd5 Nxd5 14. Rd1 b6 15. Nc6 Rd6 16. Ne7+ Kf8 17. Nxd5 exd5 18. Rxd5 Rf6 1-0

[Event "*** SCC Grand Prix: Titled Tuesday Blitz"]
[Site "Chess.com"]
[Date "2020.10.13"]
[Round "5"]
[White "Nara_Kh"]
[Black "romulocardoso"]
[Result "0-1"]
[WhiteElo "2367"]
[BlackElo "2099"]
[TimeControl "180+1"]
[EndTime "10:52:20 PDT"]
[Termination "romulocardoso won by resignation"]

1. c4 Nf6 2. Nc3 e6 3. g3 d5 4. Bg2 b6 5. d4 Bb7 6. Nf3 Bb4 7. O-O O-O 8. Ne5 Nbd7 9. Bg5 Be7 10. Rc1 h6 11.
Nxd7 Qxd7 12. Bxf6 Bxf6 13. e3 Rac8 14. Qb3 c5 15. dxc5 dxc4 16. Qxc4 Bxg2 17. Kxg2 Rxc5 18. Qb4 Rfc8 19. Ne2 Rxc1 20. Rxc1 Rxc1 21. Nxc1 Qc6+ 22. Kh3 Qxc1 23. Qa3 Qf1+ 24. Kg4 Qxf2 25. Qxa7 0-1

[Event "*** SCC Grand Prix: Titled Tuesday Blitz"]
[Site "Chess.com"]
[Date "2020.10.13"]
[Round "5"]
[White "shrek4life02"]
[Black "KyrgyzFighter"]
[Result "1-0"]
[WhiteElo "2579"]
[BlackElo "2385"]
[TimeControl "180+1"]
[EndTime "10:52:27 PDT"]
[Termination "shrek4life02 won by resignation"]

1. d4 d5 2. Bf4 Nf6 3. Nf3 c5 4. e3 e6 5. c3 Bd6 6. Bg3 Nc6 7.
Ne5 O-O 8. Nd2 Qc7 9. f4 b6 10. Bd3 a5 11. Bh4 Be7 12. Qe2 a4 13. O-O Bb7 14.
Rac1 c4 15. Bb1 b5 16. a3 Nd7 17. Nxc6 Bxh4 18. Qh5 g6 19. Qxh4 Bxc6 20. Rf3 f5 21. Rh3 Nf6 22. Nf3 Kf7 23. Qxh7+ Nxh7 24. Rxh7+ Ke8 25.
Rxc7 Bd7 26. Ne5 1-0